 Dungeon Crawl Stone Soup version 0.23-a0-839-g6d2b917 (webtiles) character file.

623 mhoghedin the Skirmisher (level 7, -3/44 HPs)
             Began as a Kobold Fighter on Jan 18, 2019.
             Was a Follower of Nemelex Xobeh.
             Slain by an orc warrior
             ... wielding a +0 long sword
              (11 damage)
             ... on level 6 of the Dungeon on Jan 25, 2019.
             The game lasted 00:06:20 (2848 turns).

mhoghedin the Skirmisher (Kobold Fighter)           Turns: 2848, Time: 00:06:20

Health: -3/44      AC: 10    Str: 20    XL:     7   Next: 75%
Magic:  9/9        EV: 10    Int: 10    God:    Nemelex Xobeh [*.....]
Gold:   123        SH: 10    Dex: 14    Spells: 6/6 levels left

rFire    . . .     SeeInvis .   a - +0 flail
rCold    . . .     Gourm    .   c - +0 shield
rNeg     . . .     Faith    .   b - +0 scale mail
rPois    .         Spirit   .   (no helmet)
rElec    .         Reflect  .   d - +1 cloak
rCorr    .         Harm     .   i - +0 pair of gloves
MR       .....                  (no boots)
Stlth    ..........             (no amulet)
HPRegen  0.14/turn              (no ring)
MPRegen  0.11/turn              (no ring)

@: mighty
A: small, carnivore
a: Draw Escape, Draw Destruction, Draw Summoning, Renounce Religion


You were on level 6 of the Dungeon.
You worshipped Nemelex Xobeh.
Nemelex Xobeh was aware of your devotion.
You were completely stuffed.

You visited 1 branch of the dungeon, and saw 4 of its levels.

You collected 123 gold pieces.

Inventory:

Hand Weapons
 a - a +0 flail (weapon)
Armour
 b - a +0 scale mail (worn)
 c - a +0 shield (worn)
 d - a +1 cloak (worn)
   (You found it on level 1 of the Dungeon)
 i - a +0 pair of gloves (worn)
   (You found it on level 2 of the Dungeon)
Jewellery
 j - a +4 ring of slaying {unknown}
   (You found it on level 3 of the Dungeon)
Wands
 e - a wand of random effects (23)
   (You took it off Ijyb on level 3 of the Dungeon)
Scrolls
 g - 4 scrolls of teleportation
 k - a scroll of amnesia
Potions
 l - a potion of degeneration {unknown}
 m - a potion of flight {unknown}
Comestibles
 f - 9 rations
 n - 2 chunks of flesh {@w0}


   Skills:
 + Level 5.5 Fighting
 + Level 4.0 Maces & Flails
 - Level 3.0 Armour
 - Level 2.4 Dodging
 - Level 3.0 Shields
 + Level 3.6 Invocations


You had 6 spell levels left.
You didn't know any spells.
Your spell library was empty.

Dungeon Overview and Level Annotations

Branches:
Dungeon (3/15)

Altars:
Nemelex Xobeh


Innate Abilities, Weirdness & Mutations

You are small and have problems with some larger weapons.
You are carnivorous and can eat meat at any time.


Message History

Your killer bee misses the orc.
Your killer bee stings the orc!
The orc dies!
You miss the adder. You block the adder's attack.
The adder bites you but does no damage.
You closely miss the adder. The adder bites you but does no damage.
You hit the adder. The adder barely misses you. You block the adder's attack.
You closely miss the adder. The adder closely misses you.
The adder barely misses you.
You closely miss the adder. You block the adder's attack.
The adder bites you but does no damage.
You thump the adder!
You kill the adder!
You swap places.
You see here a bullfrog corpse.
You butcher the bullfrog corpse.
n - 3 chunks of flesh {@w0} You see here a bullfrog skeleton.
There isn't anything to butcher here.
You start resting.
Eating one of 3 chunks of flesh {@w0}.
You eat one of the 3 chunks of flesh {@w0}.
This raw flesh tastes great.
An adder comes into view.
You swap places.
Your killer bee disappears in a puff of smoke!
The adder closely misses your killer bee.
You swap places.
The adder misses your killer bee.
You swap places.
The adder closely misses you. The adder bites you but does no damage.
Your shield and scale mail prevent you from hitting the adder.
Your killer bee disappears in a puff of smoke!
Your killer bee stings the adder.
The adder is poisoned.
Your killer bee poisons the adder!
The adder bites you but does no damage.
Your killer bee barely misses the adder.
You barely miss the adder.
Your killer bee stings the adder.
The adder dies!
An orc wizard comes into view. It is wielding a +0 dagger.
The orc wizard shouts!
An orc wizard comes into view. It is wielding a -2 dagger.
The orc wizard shouts!
The orc wizard looks encouraged for a moment.
An orc wizard comes into view. It is wielding a +0 dagger.
An orc warrior comes into view. It is wielding a +0 long sword.
The orc warrior shouts!
The orc wizard shouts!
You see here a +0 trident.
You hit the orc wizard.
Your killer bee misses the orc wizard.
The orc wizard closely misses you.
You closely miss the orc wizard.
Your killer bee disappears in a puff of smoke!
The orc wizard hits you with a cursed -2 dagger.
You take 1 damage, and have 28/44 hp.
You thump the orc wizard!
The orc wizard mumbles some strange words.
The orc wizard flickers and vanishes!
Deactivating autopickup; reactivate with Ctrl-A.
The orc wizard gestures at you while chanting.
You resist with some effort.
You hear some strange, mumbled words.
A puff of flame appears from out of thin air!
The puff of flame hits you.
You take 1 damage, and have 27/44 hp.
You closely miss the orc wizard.
The orc wizard mumbles some strange words.
The orc wizard blinks!
The orc wizard barely misses you.
You hear some strange, mumbled words.
A puff of frost appears from out of thin air!
The puff of frost hits you.
You take 2 damage, and have 25/44 hp.
You are too injured to fight recklessly!
You are too injured to fight recklessly!
You hit the orc wizard but do no damage.
The orc wizard hits you but does no damage.
You swing at nothing.
You block the orc wizard's attack.
You feel very mighty all of a sudden.
The orc wizard gestures at you while chanting.
The puff of frost hits you. You block the orc warrior's attack.
You take 3 damage, and have 23/44 hp.
Your scale mail prevents you from hitting the orc warrior.
The orc wizard barely misses you. You block the orc warrior's attack.
You hit the orc warrior.
The orc wizard miscasts a cantrip.
The orc warrior hits you with a +0 long sword.
You block the orc wizard's attack.
You take 4 damage, and have 19/44 hp.
You closely miss the orc warrior. The orc wizard casts a spell at you.
The puff of flame hits you!
* * * LOW HITPOINT WARNING * * *
The orc warrior hits you with a +0 long sword.
* * * LOW HITPOINT WARNING * * *
You take 11 damage, and have 8/44 hp.
MASSIVE DAMAGE!!
You thump the orc warrior! The orc wizard closely misses you.
You block the orc warrior's attack.
You hit the orc warrior.
The orc wizard hits you but does no damage.
You sock the orc warrior! You block the orc wizard's attack.
You hit the orc warrior but do no damage.
The orc warrior hits you with a +0 long sword!
You die...
Your body disappears without a glow.

... ...#
..# )>[##
#.##.....
#.....#
#)...##
#{o...#
##.#......
#o##......
#o@# .####
#.###..#
#.รท....#
#.......#
##........
#........
#.)......
#........
#.###..##


You could see an orc warrior and an orc wizard.

Vanquished Creatures
  A bullfrog (D:6)
  Jessica (D:2)
  Ijyb (D:3)
  An orc wizard (D:6)
  2 adders
  2 oozes
  An adder skeleton (D:3)
  5 worms
  2 dart slugs
  3 orcs (D:6)
  3 giant cockroaches
  4 goblins
  6 hobgoblins
  7 jackals
  6 kobolds
  A quokka (D:3)
  A ball python (D:1)
  11 bats
  4 frilled lizards
  2 rats (D:2)
64 creatures vanquished.

Vanquished Creatures (collateral kills)
  An orc priest (D:3)
  An orc wizard (D:6)
  3 adders
  A worm (D:3)
  6 orcs
  A hobgoblin (D:3)
  3 jackals (D:3)
  A quokka (D:3)
  2 ball pythons (D:3)
  A bat (D:3)
  2 frilled lizards (D:3)
  A rat (D:3)
23 creatures vanquished.

Vanquished Creatures (others)
  Grinder (D:6)
  Menkaure (D:6)
2 creatures vanquished.

Grand Total: 89 creatures vanquished

Notes
Turn   | Place    | Note
-------+----------+-------------------------------------------
     0 | D:1      | mhoghedin the Kobold Fighter began the quest for the Orb.
     0 | D:1      | Reached XP level 1. HP: 14/14 MP: 1/1
   191 | D:1      | Upgraded the game from 0.23-a0-756-g517b432 to
                  | 0.23-a0-839-g6d2b917
   252 | D:1      | Reached XP level 2. HP: 18/19 MP: 2/2
   284 | D:1      | Reached skill level 2 in Maces & Flails
   370 | D:1      | Reached skill level 1 in Dodging
   387 | D:1      | HP: 4/19 [jackal (2)]
   388 | D:1      | Reached XP level 3. HP: 5/23 MP: 3/3
  1173 | D:2      | Found a sparkling altar of Nemelex Xobeh.
  1413 | D:2      | Became a worshipper of Nemelex Xobeh the Trickster
  1755 | D:2      | Noticed Jessica
  1766 | D:2      | Reached XP level 4. HP: 27/29 MP: 4/4
  1793 | D:2      | Killed Jessica
  1874 | D:2      | Reached skill level 2 in Dodging
  2209 | D:3      | Received a gift from Nemelex Xobeh
  2213 | D:3      | Reached XP level 5. HP: 23/33 MP: 5/5
  2219 | D:3      | Reached skill level 4 in Fighting
  2222 | D:3      | Reached skill level 3 in Armour
  2222 | D:3      | Reached skill level 3 in Shields
  2319 | D:3      | Found a faded altar of an unknown god.
  2326 | D:3      | HP: 8/33 [bat (1)]
  2595 | D:3      | Reached * piety under Nemelex Xobeh
  2624 | D:3      | Noticed Ijyb
  2634 | D:3      | Killed Ijyb
  2634 | D:3      | Reached skill level 1 in Invocations
  2634 | D:3      | Reached XP level 6. HP: 38/38 MP: 6/6
  2793 | D:3      | You fall through a shaft for 3 floors!
  2793 | D:6      | Noticed Grinder
  2796 | D:6      | Reached skill level 3 in Maces & Flails
  2802 | D:6      | Noticed Menkaure
  2804 | D:6      | Killed Menkaure
  2804 | D:6      | Reached skill level 2 in Invocations
  2804 | D:6      | Reached XP level 7. HP: 24/44 MP: 6/8
  2804 | D:6      | Killed Grinder
  2804 | D:6      | Reached skill level 5 in Fighting
  2804 | D:6      | Reached skill level 3 in Invocations
  2805 | D:6      | Reached skill level 4 in Maces & Flails
  2844 | D:6      | HP: 10/44 [orc wizard/puff of flame (9)]
  2848 | D:6      | Slain by an orc warrior

Vault maps used:
D:1:      dpeg_arrival_water_temple_mockup
D:2:      nemelex_xobeh_ov_fountains_minmay, minmay_circled_x, uniq_jessica
D:3:      first_ration, chequers_ecumenical_altar_simple_redux, uniq_ijyb
D:6:      minmay_octagon_keep, slow_altar_1, ebering_ghost_sewer_f, kb_rosetta,
          uniq_grinder, uniq_menkaure, uniq_prince_ribbit1

Skill      XL: |  1  2  3  4  5  6  7 |
---------------+----------------------+-----
Maces & Flails | 2 3 4 |  4.0
Dodging        | 1 2 |  2.4
Fighting       | 4 5 |  5.5
Armour         | 3 |  3.0
Shields        | 3 |  3.0
Invocations    | 1 2 3 |  3.6

Action                   |  1- 3 |  4- 6 |  7- 9 || total
-------------------------+-------+-------+-------++-------
Melee: Flail             |   134 |   130 |    21 ||   285
 Abil: Draw Summoning    |       |     2 |       ||     2
       Draw Destruction  |       |     7 |     1 ||     8
  Use: Potion            |     4 |       |     1 ||     5
       Scroll            |     2 |     2 |       ||     4
  Eat: Chunk             |     9 |     5 |     1 ||    15
Armor: Scale mail        |    50 |    59 |     7 ||   116
Dodge: Dodged            |    58 |    78 |     9 ||   145
Block: Shield            |    92 |    82 |     9 ||   183

Table legend:
 A = Non-vault XP
 B = Vault XP
 C = Vault XP percentage of total XP
 D = Non-vault monster count
 E = Vault monster count
 F = Vault count percentage of total count
                 A         B        C        D         E       F
            +---------+---------+-------+---------+---------+-------
      Total |     395 |     495 |  55.6 |      81 |       8 |   9.0
            +---------+---------+-------+---------+---------+-------
        D:1 |      33 |       0 |   0.0 |      19 |       0 |   0.0
        D:2 |      51 |      49 |  49.0 |      21 |       5 |  19.2
        D:3 |     114 |      36 |  24.0 |      32 |       1 |   3.0
        D:6 |     197 |     410 |  67.5 |       9 |       2 |  18.2
            +---------+---------+-------+---------+---------+-------

Vault maps used:
D:1:      dpeg_arrival_water_temple_mockup
D:2:      nemelex_xobeh_ov_fountains_minmay, minmay_circled_x, uniq_jessica
D:3:      first_ration, chequers_ecumenical_altar_simple_redux, uniq_ijyb
D:6:      minmay_octagon_keep, slow_altar_1, ebering_ghost_sewer_f, kb_rosetta,
          uniq_grinder, uniq_menkaure, uniq_prince_ribbit1

Table legend:
 A = Turns spent in this place as a percentage of turns spent in the entire game.
 B = Non-inter-level travel turns spent in this place as a percentage of non-inter-level travel turns spent in the entire game.
 C = Inter-level travel turns spent in this place as a percentage of turns spent in this place.
 D = Turns resting spent in this place as a percentage of non-inter-level travel turns spent in this place.
 E = Turns spent auto-exploring this place as a percentage of non-inter-level travel turns spent in this place.
 F = Non-inter-level travel turns spent in this place divided by the number of levels of this place that you've seen.
                   A       B       C       D       E      F
               +-------+-------+-------+-------+-------+----------------------
         Total | 100.0 | 100.0 |   3.6 |  41.1 |  37.1 | 686.5
       Dungeon | 100.0 | 100.0 |   3.6 |  41.1 |  37.1 | 686.5
               +-------+-------+-------+-------+-------+----------------------

Table legend:
 A = Kills in this place as a percentage of kills in entire the game.
 B = Kills by you in this place as a percentage of kills by you in the entire game.
 C = Kills by friends in this place as a percentage of kills by friends in the entire game.
 D = Other kills in this place as a percentage of other kills in the entire game.
 E = Experience gained in this place as a percentage of experience gained in the entire game.
 F = Experience gained in this place divided by the number of levels of this place that you have seen.
                   A       B       C       D       E      F
               +-------+-------+-------+-------+-------+----------------------
         Total | 100.0 | 100.0 | 100.0 | 100.0 | 100.0 | 222.5
       Dungeon | 100.0 | 100.0 | 100.0 | 100.0 | 100.0 | 222.5
               +-------+-------+-------+-------+-------+----------------------
